 Dungeon Sprint DCSS version 0.17-a0-2208-ge5ab1d3 (webtiles) character file.

349 esc the Fighter (level 6, 0/86 HPs)
             Began as an Ogre Hunter on Oct 26, 2015.
             Slain by a human
             ... wielding a +0 short sword
              (8 damage)
             ... in the Dungeon (Sprint III: "The Ten Rune Challenge").
             The game lasted 00:03:14 (783 turns).

esc the Fighter (Ogre Hunter)                        Turns: 783, Time: 00:03:14

Health: 0/86       AC:  5    Str: 20      XL:     6   Next: 60%
Magic:  6/6        EV: 12    Int:  9 (10) God:
Gold:   30         SH:  0    Dex: 10      Spells: 0 memorised, 5 levels left

rFire  . . .     SeeInvis .     j - +3 quarterstaff (chaos)
rCold  . . .     Clarity  .     d - +0 robe
rNeg   . . .     SustAt   .     (no shield)
rPois  .         Gourm    .     (helmet restricted)
rElec  .         Spirit   .     a - +0 cloak
rCorr  .         Warding  .     (gloves unavailable)
rMut   .         NoTele   +     (boots unavailable)
MR     .....                    (no amulet)
Stlth  +.........               (no ring)
                                (no ring)

@: not resistant to hostile enchantments, very unstealthy
A: unfitting armour, antennae 1, molten scales 1, clumsy 1, deterioration 1,
robust 1, strong 1, tough skin 1
a: no special abilities


You were in the Dungeon.
You were not hungry.

You visited 1 branch You collected 30 gold pieces.

Inventory:

Hand Weapons
 c - a +1 short sword
 j - a +3 quarterstaff of chaos (weapon)
   (You took it off Crazy Yiuf in the Dungeon)
Missiles
 b - a throwing net {=f, !d}
 g - 2 large rocks (quivered) {!d}
Armour
 a - a +0 cloak (worn)
   (You took it off Crazy Yiuf in the Dungeon)
 d - a +0 robe (worn)
Scrolls
 k - a scroll of blinking {!r}
 o - 3 scrolls of remove curse
 s - 2 scrolls of identify
Potions
 f - a potion of curing
 h - a potion of haste
 i - 2 potions of magic
 l - a potion of invisibility {unknown}
 p - a potion of cure mutation {!q}
 q - 3 potions of flight
 r - 2 potions of heal wounds
Books
 n - a book of Necromancy
   (You found it in the Dungeon)
Comestibles
 e - 2 bread rations {@e1}
 m - 3 chunks of flesh {@w0}
 u - 3 fruits


   Skills:
 + Level 10.4 Fighting
 + Level 8.9 Throwing
 + Level 7.3 Dodging
 - Level 0.7 Stealth


You had 5 spell levels left.
You didn't know any spells.

Dungeon Overview and Level Annotations

Branches:
Dungeon (1/1)

Altars:
Elyvilon
Kikubaaqudgha
Okawaru
Sif Muna
Trog
Vehumet
Zin
The Shining One


Innate Abilities, Weirdness & Mutations

You are too large for most types of armour.
You have tough skin (AC +1).
You have a pair of small antennae on your head.
You are partially covered in molten scales (AC +1).
You are clumsy. (Dex -2)
Your body sometimes deteriorates upon taking damage.
You are robust (+10% HP).
Your muscles are strong. (Str +2)


Message History

You butcher the human corpse.
m - 3 chunks of flesh {@w0}
There is an open door, spattered with blood here.
Items here: )) [[ † a dagger; a robe; a dagger; a robe; a kobold corpse
n - a book of Necromancy
Okay, then.
There is an open door, spattered with blood here.
Items here: )) [[ † a dagger; a robe; a dagger; a robe; a kobold corpse; Health restored: 69 You start waiting.
Done waiting.
There is a fountain of clear blue water here.
You open the door.
A deep elf priest comes into view.
It is wielding a long sword of holy wrath.
Found 2 potions of heal wounds.
Found three altars.
Aim: a deep elf priest, wielding a long sword of holy wrath (resting)
You throw a large rock {!d}.
The large rock {!d} hits the deep elf priest!
The deep elf priest shouts!
Aim: a deep elf priest, wielding a long sword of holy wrath (moderately wounded)
You throw a large rock {!d}.
The large rock {!d} barely misses the deep elf priest.
The deep elf priest utters a dark prayer and points at you.
Your life force is offered up.
The deep elf priest is healed.
You take 18 damage, and have 51/69 hp.
MASSIVE DAMAGE!!
Aim: a deep elf priest, wielding a long sword of holy wrath You throw a large rock {!d}.
The large rock {!d} closely misses the deep elf priest.
You sock the deep elf priest!
The deep elf priest hits you with a long sword of holy wrath.
You take 6 damage, and have 46/69 hp.
You sock the deep elf priest!
There is a sudden explosion of sparks!
You kill the deep elf priest!
Your Fighting skill gained 2 levels and is now at level 10!
Your Throwing skill increases to level 8!
Your Dodging skill gained 2 levels and is now at level 7!
You have reached level 6!
Your experience leads to an increase in your attributes!
Your base attributes are Str 17, Int 10, Dex 11.
Increase (S)trength, (I)ntelligence, or (D)exterity?
You feel agile.
You feel stronger.
You regained 5 hp, and now have 51/86 hp.
MP restored: 6
There is an open door, spattered with blood here.
Things that are here:
a long sword of holy wrath; an elf corpse You butcher the elf corpse.
m - 6 chunks of flesh {@w0} (gained 3)
There is an open door, spattered with blood here.
You see here a long sword of holy wrath.
g - 3 large rocks {!d};
r - 2 potions of heal wounds
There is an open door, spattered with blood here.
You see here a long sword of holy wrath.
You start resting.
Some of the chunks of flesh in your inventory have rotted away.
Health restored: 86 You open the door. 2 humans come into view.
The human shouts!
The human picks up a short sword.
The human wields a short sword.
Found a leather armour.
Found an iron altar of Okawaru and a bloodstained altar of Trog.
Aim: a human You throw a large rock {!d}.
The large rock {!d} closely misses the human.
You sock the human! You freeze the human. The human barely misses you.
You completely miss the human.
The human drinks a potion.
The human goes berserk!
The human drinks a potion.
The human seems to grow stronger.
You hit the human. The human barely misses you.
You sock the human! You freeze the human. The human barely misses you.
You sock the human! You freeze the human. The human barely misses you.
The human closely misses you. The human hits you with a short sword!
You take 12 damage, and have 74/86 hp.
You barely miss the human. The human hits you with a short sword!
The human hits you! The human hits you but does no damage.
You take 23 damage, and have 51/86 hp.
MASSIVE DAMAGE!!
You closely miss the human. The human hits you.
The human hits you but does no damage. x2
You take 2 damage, and have 49/86 hp.
You hit the human. The human hits you with a short sword!
The human barely misses you. The human closely misses you.
You take 12 damage, and have 37/86 hp.
You hit the human but do no damage. The human hits you with a short sword!
The human hits you. The human hits you with a short sword.
* * * LOW HITPOINT WARNING * * *
You take 14 damage, and have 23/86 hp.
Unknown command.
You sock the human!
The human is poisoned.
The human barely misses you. The human hits you!
* * * LOW HITPOINT WARNING * * *
Your body deteriorates!
You feel dopey. The human hits you with a short sword!
You die...

▓▓▓ ▓▓▓ ..####
##.#########
.....#####..#___#__(#
......#..#..#...#...
.##...#..#..###)#p###+##
.###..##'#..#...@p.....#
#.##..###...'.⌠........#
.##..####...#...######+#
.##..###....#.⌠.#
##...##.....#...#
#....#......#)###
#..##.#.....#...#
#..#####....#___# ▓▓▓▓
▓▓▓▓▓▓▓▓▓▓


You could see 2 humans.

Vanquished Creatures
  A deep elf priest (D)
  A water elemental (D)
  Crazy Yiuf (D)
  A wizard (D)
  A human (D)
  A kobold demonologist (D)
  2 oozes (D)
  2 rats (D)
10 creatures vanquished.

Vanquished Creatures (others)
  2 draconian scorchers (D)
  2 yaktaurs (D)
4 creatures vanquished.

Grand Total: 14 creatures vanquished

Notes
Turn   | Place    | Note
--------------------------------------------------------------
     0 | D        | esc the Ogre Hunter began the quest for the Orb.
     0 | D        | Reached XP level 1. HP: 22/22 MP: 1/1
    14 | D        | Reached skill level 3 in Fighting
    14 | D        | Reached skill level 2 in Dodging
    21 | D        | Reached skill level 4 in Fighting
    21 | D        | Reached XP level 2. HP: 21/32 MP: 2/2
   162 | D        | Noticed Crazy Yiuf
   177 | D        | HP: 5/32 [human (7)]
   181 | D        | Killed Crazy Yiuf
   181 | D        | Reached skill level 5 in Fighting
   181 | D        | Reached skill level 5 in Throwing
   181 | D        | Reached skill level 3 in Dodging
   181 | D        | Reached XP level 3. HP: 30/42 MP: 3/3
   186 | D        | Reached skill level 6 in Fighting
   186 | D        | Reached skill level 4 in Dodging
   186 | D        | Reached XP level 4. HP: 21/52 MP: 4/4
   203 | D        | Killed a yaktaur
   232 | D        | Killed a white draconian scorcher
   379 | D        | Killed a yaktaur
   431 | D        | Gained mutation: Your mind is acute. (Int +2) [potion of mutation]
   431 | D        | Gained mutation: Your body sometimes deteriorates upon taking damage. [potion of mutation]
   431 | D        | Gained mutation: You are partially covered in molten scales (AC +1). [potion of mutation]
   432 | D        | Gained mutation: Your muscles are strong. (Str +2) [potion of mutation]
   432 | D        | Lost mutation: Your mind is acute. (Int +2) [potion of mutation]
   432 | D        | Gained mutation: You are clumsy. (Dex -2) [potion of mutation]
   433 | D        | Gained mutation: You have a pair of small antennae on your head. [potion of mutation]
   433 | D        | Gained mutation: You are robust (+10% HP). [potion of mutation]
   460 | D        | Noticed a water elemental
   463 | D        | Killed a water elemental
   463 | D        | Reached skill level 7 in Fighting
   463 | D        | Reached skill level 6 in Throwing
   463 | D        | Reached skill level 5 in Dodging
   502 | D        | Found a radiant altar of Vehumet.
   503 | D        | Noticed a wizard
   503 | D        | Killed a wizard
   503 | D        | Reached skill level 7 in Throwing
   503 | D        | Reached XP level 5. HP: 66/69 MP: 5/5
   508 | D        | Reached skill level 8 in Fighting
   509 | D        | Found a deep blue altar of Sif Muna.
   509 | D        | Found an ancient bone altar of Kikubaaqudgha.
   622 | D        | Found a glowing silver altar of Zin.
   622 | D        | Found a glowing golden altar of the Shining One.
   622 | D        | Found a white marble altar of Elyvilon.
   622 | D        | Noticed a deep elf priest
   628 | D        | Killed a deep elf priest
   628 | D        | Reached skill level 10 in Fighting
   628 | D        | Reached skill level 8 in Throwing
   628 | D        | Reached skill level 7 in Dodging
   628 | D        | Reached XP level 6. HP: 51/86 MP: 6/6
   714 | D        | Killed a white draconian scorcher
   772 | D        | Found an iron altar of Okawaru.
   772 | D        | Found a bloodstained altar of Trog.
   772 | D        | Noticed a human
   772 | D        | Noticed a human
   783 | D        | HP: 8/86 [human (15)]
   783 | D        | Slain by a human

Vault maps used:
D:        dungeon_sprint_mu

Action                   |  1- 3 |  4- 6 || total
-------------------------+-------+-------++-------
Melee: Short sword       |    23 |       ||    23
       Quarterstaff      |       |    17 ||    17
Throw: Large rock        |     8 |     7 ||    15
       Throwing net      |     1 |       ||     1
  Use: Potion            |     2 |     4 ||     6
       Scroll            |     1 |     3 ||     4
 Stab: Sleeping          |     1 |       ||     1
       Held in net/web   |     1 |       ||     1

Vault maps used:
D:        dungeon_sprint_mu

Table legend:
 A = Turns spent in this place as a percentage of turns spent in the entire game.
 B = Non-inter-level travel turns spent in this place as a percentage of non-inter-level travel turns spent in the entire game.
 C = Inter-level travel turns spent in this place as a percentage of turns spent in this place.
 D = Turns resting spent in this place as a percentage of non-inter-level travel turns spent in this place.
 E = Turns spent auto-exploring this place as a percentage of non-inter-level travel turns spent in this place.
 F = Non-inter-level travel turns spent in this place divided by the number of levels of this place that you've seen.
                   A       B       C       D       E      F
               +-------+-------+-------+-------+-------+----------------------
         Total | 100.0 | 100.0 |   0.0 |   6.7 |   0.0 | 208.0
       Dungeon | 100.0 | 100.0 |   0.0 |   6.7 |   0.0 | 208.0
               +-------+-------+-------+-------+-------+----------------------

Table legend:
 A = Kills in this place as a percentage of kills in entire the game.
 B = Kills by you in this place as a percentage of kills by you in the entire game.
 C = Kills by friends in this place as a percentage of kills by friends in the entire game.
 D = Other kills in this place as a percentage of other kills in the entire game.
 E = Experience gained in this place as a percentage of experience gained in the entire game.
 F = Experience gained in this place divided by the number of levels of this place that you have seen.
                   A       B       C       D       E      F
               +-------+-------+-------+-------+-------+----------------------
         Total | 100.0 | 100.0 |  -nan |  -nan | 100.0 | 499.0
       Dungeon | 100.0 | 100.0 |  -nan |  -nan | 100.0 | 499.0
               +-------+-------+-------+-------+-------+----------------------
